[Event "Titled Tuesday Blitz June 20 Early 2023"]
[White "Drozdowski, Kacper"]
[Black "Sviridov, Valery"]
[WhiteFideId "1136720"]
[BlackFideId "4120680"]
[WhiteElo "2497"]
[BlackElo "2457"]
[Result "1-0"]
[Round "8"]
[TimeControl "180+2"]
[Date "2023.06.20"]
[WhiteClock "0:00:22"]
[BlackClock "0:01:01"]
[Board "13"]

1. e4 Nf6 2. e5 Nd5 3. d4 d6 4. Nf3 dxe5 5. Nxe5 c6 6. Be2 Bf5 7. O-O Nd7 8. Nf3 e6 9. a3 Be7 10. c4 N5b6 11. Nc3 O-O 12. Be3 Qc7 13. h3 Rad8 14. Qc1 e5 15. Rd1 exd4 16. Nxd4 Bg6 17. Bf4 Qc8 18. b4 Rfe8 19. c5 Na8 20. Bg4 h5 21. Bf5 Bxf5 22. Nxf5 Nf6 23. Rxd8 Qxd8 24. Qc2 Nc7 25. Bd6 Ncd5 26. Nxd5 Nxd5 27. Bxe7 Nxe7 28. Nd6 Rf8 29. Nxb7 Qd4 30. Rd1 Qf4 31. Nd6 Rd8 32. Re1 Qf6 33. Qe2 Nd5 34. Qxh5 a5 35. b5 g6 36. Qe5 Qxe5 37. Rxe5 f6 38. Rxd5 1-0


[Site "https://www.chess.com"]

[Event "Titled Tuesday Blitz June 20 Early 2023"]
[White "Tabatabaei, M. Amin"]
[Black "Bacrot, Etienne"]
[WhiteFideId "12521213"]
[BlackFideId "605506"]
[WhiteElo "2575"]
[BlackElo "2672"]
[Result "0-1"]
[Round "8"]
[TimeControl "180+2"]
[Date "2023.06.20"]
[WhiteClock "0:00:00"]
[BlackClock "0:00:20"]
[Board "14"]

1. d4 Nf6 2. Nf3 e6 3. Bf4 Bd6 4. Bg3 b6 5. e3 Bb7 6. Nbd2 Bxg3 7. hxg3 d6 8. Bd3 Nbd7 9. Qe2 h6 10. c3 Qe7 11. Ba6 Bxa6 12. Qxa6 c5 13. a4 O-O 14. a5 bxa5 15. Rxa5 cxd4 16. exd4 Rfb8 17. Ra2 e5 18. O-O e4 19. Re1 d5 20. Nh4 Rb6 21. Qa5 Qe6 22. Nf1 g5 23. Nf3 Rab8 24. Re2 Qg4 25. N1h2 exf3 26. gxf3 Qf5 27. Qxa7 Qb1+ 28. Kg2 Rxb2 29. Raxb2 Rxb2 30. Rxb2 Qxb2 31. Qc7 Qe2 32. Nf1 Qc4 33. Qd8+ Kg7 34. Ne3 Qd3 35. g4 Qa6 36. Nf5+ Kh7 0-1


[Site "https://www.chess.com"]

[Event "Titled Tuesday Blitz June 20 Early 2023"]
[White "Makarian, Rudik"]
[Black "Timofeev, Artyom"]
[WhiteFideId "44105681"]
[BlackFideId "4140419"]
[WhiteElo "2451"]
[BlackElo "2570"]
[Result "1/2-1/2"]
[Round "8"]
[TimeControl "180+2"]
[Date "2023.06.20"]
[WhiteClock "0:00:07"]
[BlackClock "0:00:04"]
[Board "15"]

1. d4 Nf6 2. c4 b6 3. Nf3 Bb7 4. g3 g6 5. Bg2 Bg7 6. O-O O-O 7. d5 c6 8. Nc3 cxd5 9. cxd5 d6 10. Nd4 Qd7 11. Bf4 Na6 12. Rc1 Rac8 13. Nc6 Nxd5 14. Nxd5 Bxc6 15. Rxc6 Rxc6 16. Nxe7+ Qxe7 17. Bxc6 Be5 18. Bh6 Rc8 19. Bb5 Nc5 20. Qd2 Bg7 21. Bxg7 Kxg7 22. e3 Ne4 23. Qe2 Qe5 24. Rd1 a5 25. a4 Rc5 26. Kg2 Rd5 27. Rxd5 Qxd5 28. Qf3 Qe5 29. Bc4 d5 30. Ba2 Nf6 31. g4 h6 32. h4 d4 33. exd4 Qxd4 34. g5 hxg5 35. hxg5 Qg4+ 36. Qxg4 Nxg4 37. Kf3 f5 38. gxf6+ Nxf6 39. Kf4 Kf8 40. Bb1 Kf7 41. f3 Nd7 42. Bc2 Kf6 43. Ke4 Ke6 44. f4 Kd6 45. Kf3 Nf8 46. Kg4 Ke7 47. Kg5 Kf7 48. Kg4 Kf6 49. Kf3 Ke6 50. Ke4 Kd6 51. Bb3 Nd7 52. Kd4 Nf8 53. Bf7 Ke7 54. Bd5 Kd6 55. Be4 Ne6+ 56. Ke3 Nf8 57. b3 Ke6 58. Kd4 Kd6 59. Kc4 Ne6 60. Kb5 Kc7 61. Bxg6 Nxf4 62. Bf7 Ne2 63. b4 axb4 64. Kxb4 Nd4 65. Bd5 Nf5 66. a5 bxa5+ 67. Kxa5 1/2-1/2


[Site "https://www.chess.com"]

[Event "Titled Tuesday Blitz June 20 Early 2023"]
[White "Hakobyan, Aram"]
[Black "Vakhlamov, Igor L."]
[WhiteFideId "13306677"]
[BlackFideId "24126748"]
[WhiteElo "2584"]
[BlackElo "2407"]
[Result "1-0"]
[Round "8"]
[TimeControl "180+2"]
[Date "2023.06.20"]
[WhiteClock "0:00:06"]
[BlackClock "0:00:00"]
[Board "16"]

1. d4 d5 2. c4 e6 3. Nc3 c5 4. e3 Nf6 5. Nf3 Nc6 6. a3 Ne4 7. Bd3 Nxc3 8. bxc3 Be7 9. O-O dxc4 10. Bxc4 O-O 11. e4 Qc7 12. Be3 Na5 13. Bd3 cxd4 14. cxd4 Nc4 15. e5 Nxe3 16. fxe3 Bd7 17. Qb1 h6 18. Bh7+ Kh8 19. Be4 Rab8 20. Rc1 Qa5 21. Qb2 b5 22. Bc6 Bxc6 23. Rxc6 Rfc8 24. Qc1 Rxc6 25. Qxc6 Qb6 26. Qd7 Qb7 27. Qxb7 Rxb7 28. Nd2 Rc7 29. a4 Rc2 30. Nb3 Rc3 31. Na5 b4 32. Rb1 f5 33. exf6 gxf6 34. Kf2 Rc2+ 35. Kf3 Kg7 36. Nb3 f5 37. a5 Kf6 38. Nc1 Rc3 39. Nb3 Bd6 40. h3 h5 41. Ke2 Rc2+ 42. Kf3 Rc3 43. Ke2 Kg5 44. Nd2 Ra3 45. Nc4 Ra2+ 46. Kf3 Be7 47. g3 Rc2 48. Ne5 Kf6 49. a6 Ra2 50. Rc1 Rxa6 51. Rc7 Rb6 52. Nd7+ Kf7 53. Nxb6 axb6 54. Rb7 Kf6 55. Rxb6 Kf7 56. Rb7 Kf6 57. g4 hxg4+ 58. hxg4 fxg4+ 59. Kxg4 Bf8 60. Kf3 e5 61. d5 Bd6 62. e4 Bf8 63. Ke2 Kg5 64. Kd3 1-0


[Site "https://www.chess.com"]

[Event "Titled Tuesday Blitz June 20 Early 2023"]
[White "Chigaev, Maksim"]
[Black "Nihal Sarin"]
[WhiteFideId "4108116"]
[BlackFideId "25092340"]
[WhiteElo "2561"]
[BlackElo "2689"]
[Result "1-0"]
[Round "8"]
[TimeControl "180+2"]
[Date "2023.06.20"]
[WhiteClock "0:00:02"]
[BlackClock "0:00:00"]
[Board "17"]

1. e4 e5 2. Nf3 Nc6 3. Bc4 Nf6 4. d3 Bc5 5. c3 O-O 6. Bg5 Be7 7. Nbd2 h6 8. Bh4 d6 9. a4 a6 10. a5 Nh5 11. g3 Bxh4 12. Nxh4 Nf6 13. O-O Re8 14. Qb3 Qe7 15. f4 exf4 16. Ng6 Qd7 17. Rxf4 Ne5 18. Nxe5 dxe5 19. Rxf6 gxf6 20. Rf1 Kg7 21. Nf3 Re7 22. Nh4 Qd6 23. Qd1 Bd7 24. Qh5 Rh8 25. Kg2 b5 26. axb6 cxb6 27. Bxa6 Kf8 28. Bc4 b5 29. Ng6+ Ke8 30. Bxf7+ Kxf7 31. Nxh8+ Kg8 32. Qxh6 Rh7 33. Qg6+ Kxh8 34. Rxf6 Qe7 35. h4 Be8 36. Qg5 Bf7 37. Rf5 Qxg5 38. Rxg5 Bb3 39. Rxe5 Bc2 40. d4 b4 41. cxb4 Rb7 42. b5 Bd3 43. Kf3 Bxb5 44. Kf4 Bc4 45. Rc5 Ba2 46. d5 Rxb2 47. Ke5 Re2 48. Ra5 Bb1 49. Ra4 Kg7 50. g4 Kf7 51. Kf5 Rf2+ 52. Ke5 Rh2 53. Kd6 Rxh4 54. e5 Kg6 55. e6 Rh8 56. Ke7 Bc2 57. Rf4 Bb3 58. d6 Rh7+ 59. Rf7 Rh3 60. d7 Bxe6 61. Rf6+ Kg7 62. Rxe6 1-0


[Site "https://www.chess.com"]

[Event "Titled Tuesday Blitz June 20 Early 2023"]
[White "Sadhwani, Raunak"]
[Black "Pakleza, Zbigniew"]
[WhiteFideId "35093487"]
[BlackFideId "1119290"]
[WhiteElo "2631"]
[BlackElo "2410"]
[Result "1-0"]
[Round "8"]
[TimeControl "180+2"]
[Date "2023.06.20"]
[WhiteClock "0:00:14"]
[BlackClock "0:00:02"]
[Board "18"]

1. Nf3 d5 2. b3 Nf6 3. Bb2 Bf5 4. e3 e6 5. d4 Be7 6. Bd3 Bg6 7. O-O Nbd7 8. c4 c6 9. Qc2 Bxd3 10. Qxd3 Ne4 11. Nfd2 Nxd2 12. Nxd2 Nf6 13. e4 dxe4 14. Nxe4 Nxe4 15. Qxe4 O-O 16. Rad1 Re8 17. Rd3 Qa5 18. a4 Bf6 19. Rfd1 Qf5 20. Qxf5 exf5 21. Kf1 Rad8 22. Bc3 Rd7 23. d5 Bxc3 24. Rxc3 cxd5 25. Rxd5 Rde7 26. g3 g6 27. Kg2 Kg7 28. a5 Kf6 29. c5 Rc7 30. b4 Re4 31. b5 Rb4 32. b6 axb6 33. Rd6+ Ke7 34. Re3+ Re4 35. cxb6 Rxe3 36. bxc7 Rc3 37. Rb6 Rxc7 38. Kf3 Kf8 39. Rb5 Kg7 40. Ke3 Rd7 41. h4 h5 42. Kf4 Kf6 43. Rb6+ Kg7 44. Ke5 Kg8 45. Rd6 Re7+ 46. Kd5 Rc7 47. Rb6 Kg7 48. Kd6 Rc2 49. Rxb7 Rxf2 50. Rb5 Rf3 51. Kc6 Rxg3 52. a6 Ra3 53. Kb6 Rxa6+ 54. Kxa6 f4 55. Ka5 f6 56. Kb4 g5 57. hxg5 h4 58. gxf6+ Kxf6 59. Kc3 h3 60. Rh5 Kg6 61. Rxh3 Kg5 62. Kd2 Kg4 63. Ra3 f3 64. Ke1 1-0


[Site "https://www.chess.com"]

[Event "Titled Tuesday Blitz June 20 Early 2023"]
[White "Mahdavi, Reza"]
[Black "Lazavik, Denis"]
[WhiteFideId "12595926"]
[BlackFideId "13515110"]
[WhiteElo "2395"]
[BlackElo "2560"]
[Result "0-1"]
[Round "8"]
[TimeControl "180+2"]
[Date "2023.06.20"]
[WhiteClock "0:01:51"]
[BlackClock "0:01:34"]
[Board "19"]

1. e4 c5 2. Nf3 e6 3. d4 cxd4 4. Nxd4 Nc6 5. Nc3 Qc7 6. Be3 a6 7. g4 h6 8. h4 Nf6 9. Bg2 Ne5 10. g5 hxg5 11. hxg5 Rxh1+ 12. Bxh1 Nfg4 13. Bf4 Nd3+ 14. cxd3 Qxf4 15. Qf3 Qxg5 16. Qg3 Bc5 17. Nce2 e5 18. Nf3 Qh5 19. O-O-O Bxf2 20. Qg2 d6 21. Kb1 Ne3 22. Qxf2 Nxd1 23. Qg1 Bg4 24. Ng3 Qh3 25. Ng5 Qh6 26. Nf3 Ne3 0-1


[Site "https://www.chess.com"]

[Event "Titled Tuesday Blitz June 20 Early 2023"]
[White "Seo, Jung Min"]
[Black "Terry, Renato"]
[WhiteFideId "1734687"]
[BlackFideId "3803457"]
[WhiteElo "2468"]
[BlackElo "2575"]
[Result "0-1"]
[Round "8"]
[TimeControl "180+2"]
[Date "2023.06.20"]
[WhiteClock "0:00:00"]
[BlackClock "0:00:06"]
[Board "20"]

1. d4 e6 2. c4 Bb4+ 3. Bd2 Qe7 4. a3 Bxd2+ 5. Qxd2 Nf6 6. Nc3 d6 7. e4 O-O 8. Nf3 e5 9. d5 a5 10. b3 Bg4 11. Be2 Na6 12. h3 Bh5 13. Qe3 Bxf3 14. Bxf3 Nc5 15. Rb1 a4 16. b4 Nb3 17. O-O Nd4 18. Bd1 h6 19. Ne2 Rfe8 20. Re1 Nxe2+ 21. Bxe2 b6 22. Rbc1 Rec8 23. Bd3 c5 24. dxc6 Rxc6 25. Be2 Rac8 26. Rcd1 Kh7 27. Rd2 b5 28. cxb5 Rc3 29. Rd3 R3c4 30. Bf3 Qc7 31. b6 Qb8 32. Red1 d5 33. R3d2 d4 34. Qe2 Qxb6 35. Bg4 R8c7 36. Qf3 g6 37. h4 Qc6 38. h5 Kg7 39. hxg6 fxg6 40. Bh3 Qxe4 41. Qg3 Rc3 42. Qh2 Rc1 43. g3 Qf3 44. Rxc1 Rxc1+ 45. Bf1 Ne4 46. Rb2 d3 0-1


[Site "https://www.chess.com"]

[Event "Titled Tuesday Blitz June 20 Early 2023"]
[White "Kozak, Adam"]
[Black "Aradhya, Garg"]
[WhiteFideId "753246"]
[BlackFideId "25006746"]
[WhiteElo "2469"]
[BlackElo "2263"]
[Result "1-0"]
[Round "8"]
[TimeControl "180+2"]
[Date "2023.06.20"]
[WhiteClock "0:00:13"]
[BlackClock "0:00:06"]
[Board "21"]

1. c4 c5 2. Nc3 Nc6 3. g3 g6 4. Bg2 Bg7 5. h4 Nf6 6. d3 b6 7. Bd2 Bb7 8. Rb1 e6 9. Nh3 d5 10. h5 d4 11. Ne4 Nxh5 12. Nhg5 h6 13. g4 Nf6 14. Nxf6+ Qxf6 15. Ne4 Qe7 16. b4 cxb4 17. Qa4 O-O-O 18. c5 bxc5 19. Rc1 Rd5 20. Qb5 a6 21. Qb6 c4 22. Rxc4 Rb5 23. Rxc6+ Kb8 24. Nd6 Rxb6 25. Rxb6 Kc7 26. Rxb7+ Kxd6 27. Bxb4+ Ke5 28. Rxe7 Rb8 29. Rxf7 Rxb4 30. f4+ Kd6 31. Rxg7 Rb2 32. Rxg6 Rxa2 33. Rgxh6 a5 34. g5 a4 35. g6 Ke7 36. g7 Kf7 37. Rg6 1-0


[Site "https://www.chess.com"]

[Event "Titled Tuesday Blitz June 20 Early 2023"]
[White "Rohith Krishna S"]
[Black "Durarbayli, Vasif"]
[WhiteFideId "46617051"]
[BlackFideId "13402935"]
[WhiteElo "2270"]
[BlackElo "2551"]
[Result "0-1"]
[Round "8"]
[TimeControl "180+2"]
[Date "2023.06.20"]
[WhiteClock "0:00:13"]
[BlackClock "0:00:04"]
[Board "22"]

1. Nf3 d5 2. g3 g6 3. Bg2 Bg7 4. d4 c6 5. O-O Nd7 6. Nbd2 Ngf6 7. c4 O-O 8. b3 a5 9. Bb2 b5 10. Ne5 Qb6 11. c5 Qc7 12. f4 b4 13. e4 Ba6 14. Re1 dxe4 15. Nxe4 Nd5 16. Ng5 Nxe5 17. dxe5 Rfd8 18. Qf3 Qa7 19. Rac1 Bc8 20. g4 Bh6 21. h4 e6 22. Rc2 a4 23. Kh2 axb3 24. axb3 Qe7 25. Bc1 Ra1 26. Rf1 Ba6 27. Rff2 Nc3 28. Bb2 Rb1 29. Bxc3 bxc3 30. Rxc3 Rd5 31. Qe4 Bxg5 32. hxg5 Rbd1 33. Qa4 Bb5 34. Qa5 R5d4 35. Rh3 Rc1 36. b4 Rdd1 37. Qa8+ Rd8 38. Qa3 Rcd1 39. Qg3 Qf8 40. f5 exf5 41. gxf5 R1d3 42. Bf3 gxf5 43. Qf4 Qg7 44. Qxf5 Re3 45. Be4 Rxh3+ 46. Kxh3 Re8 47. Qf6 Rxe5 48. Qd8+ Qf8 49. Bxh7+ Kg7 50. Qxf8+ Kxf8 51. g6 Bc4 52. gxf7 Rh5+ 53. Kg4 Rxh7 54. Rf6 Bb5 55. Rd6 Rxf7 56. Kg5 Ke7 57. Kg4 Rf6 0-1


[Site "https://www.chess.com"]

[Event "Titled Tuesday Blitz June 20 Early 2023"]
[White "Aravindh, Chithambaram VR."]
[Black "Renjith, Sravan"]
[WhiteFideId "5072786"]
[BlackFideId "4306783"]
[WhiteElo "2596"]
[BlackElo "2104"]
[Result "1-0"]
[Round "8"]
[TimeControl "180+2"]
[Date "2023.06.20"]
[WhiteClock "0:00:24"]
[BlackClock "0:00:00"]
[Board "23"]

1. Nf3 Nf6 2. g3 g6 3. Bg2 Bg7 4. O-O O-O 5. Re1 d5 6. d3 c6 7. Nbd2 Nbd7 8. e4 e5 9. exd5 Nxd5 10. Nc4 Qc7 11. a4 Re8 12. h4 Nc5 13. d4 Na6 14. Nfxe5 f6 15. Nd3 Bf5 16. Rxe8+ Rxe8 17. Nf4 Nab4 18. c3 Nc2 19. Nxd5 cxd5 20. Bxd5+ Kh8 21. Bf4 Qd7 22. Nd6 Nxa1 23. Qxa1 Re7 24. Bxb7 g5 25. Bc8 gxf4 26. Bxd7 Bxd7 27. Qd1 fxg3 28. fxg3 Bh6 29. Qf3 Re6 30. Qa8+ Kg7 31. Nf5+ Kg6 32. Qg8+ Kxf5 33. Qxh7+ Kg4 34. Qxd7 1-0


[Site "https://www.chess.com"]

[Event "Titled Tuesday Blitz June 20 Early 2023"]
[White "Lavrik, Dmitry"]
[Black "Henriquez Villagra, Cristobal"]
[WhiteFideId "24113190"]
[BlackFideId "3409350"]
[WhiteElo "2345"]
[BlackElo "2542"]
[Result "0-1"]
[Round "8"]
[TimeControl "180+2"]
[Date "2023.06.20"]
[WhiteClock "0:01:10"]
[BlackClock "0:00:54"]
[Board "24"]

1. c4 d6 2. g3 g6 3. Bg2 Bg7 4. Nc3 e5 5. d3 f5 6. Rb1 Nf6 7. b4 O-O 8. Nf3 c6 9. O-O Kh8 10. b5 c5 11. Bg5 Be6 12. Ne1 Qc8 13. Bxf6 Bxf6 14. a4 Nd7 15. Nc2 Bg7 16. a5 e4 17. Qd2 Ne5 18. Ne3 Rf7 19. dxe4 Nxc4 20. Nxc4 Bxc4 21. exf5 Qxf5 22. a6 Rd8 23. axb7 d5 24. e4 Qe5 25. Nxd5 Bxf1 26. Rxf1 Rxb7 27. Qa5 Rdb8 28. f4 Qd4+ 29. Kh1 Rxb5 30. Qxa7 Rb1 31. h4 c4 32. Kh2 Qxa7 0-1


[Site "https://www.chess.com"]

[Event "Titled Tuesday Blitz June 20 Early 2023"]
[White "Sjugirov, Sanan"]
[Black "Morefield, Jason"]
[WhiteFideId "4189302"]
[BlackFideId "30920825"]
[WhiteElo "2569"]
[BlackElo "2171"]
[Result "0-1"]
[Round "8"]
[TimeControl "180+2"]
[Date "2023.06.20"]
[WhiteClock "0:00:00"]
[BlackClock "0:00:02"]
[Board "25"]

1. Nf3 d5 2. g3 g6 3. Bg2 Bg7 4. d4 c6 5. O-O Nf6 6. c4 O-O 7. Qb3 dxc4 8. Qxc4 Nbd7 9. Nc3 Nb6 10. Qb3 Be6 11. Qc2 Rc8 12. Rd1 Qe8 13. e4 c5 14. d5 Bg4 15. h3 Bxf3 16. Bxf3 Nfd7 17. a4 a6 18. a5 Nc4 19. Be2 Nd6 20. Be3 f5 21. exf5 Nxf5 22. Bg4 Ne5 23. Bxf5 Rxf5 24. Kg2 Qd7 25. Ne4 c4 26. Nc5 Qb5 27. Ne6 Nf7 28. Nxg7 Kxg7 29. Qe4 Rd8 30. Qxe7 Rfxd5 31. Rxd5 Qxd5+ 32. Kg1 Rd7 33. Qh4 Ne5 34. Bh6+ Kg8 35. Qf4 Rf7 36. Qe3 Rf3 37. Qa7 Nd7 38. Qa8+ Kf7 39. Qh8 Nf6 40. Qf8+ Ke6 41. Re1+ Kd7 42. Re7+ Kc6 43. Qc8+ Kd6 44. Qd8+ Kc5 45. Rc7+ Kd4 46. Be3+ Kd3 47. Qe7 Ke2 48. Bd4+ Ne4 0-1


[Site "https://www.chess.com"]

[Event "Titled Tuesday Blitz June 20 Early 2023"]
[White "Tristan, Leonardo"]
[Black "Ibarra Jerez, Jose Carlos"]
[WhiteFideId "113816"]
[BlackFideId "2226332"]
[WhiteElo "2461"]
[BlackElo "2631"]
[Result "1-0"]
[Round "8"]
[TimeControl "180+2"]
[Date "2023.06.20"]
[WhiteClock "0:00:11"]
[BlackClock "0:00:00"]
[Board "26"]

1. d4 Nf6 2. Nf3 e6 3. Bf4 d5 4. e3 c5 5. Nbd2 Nc6 6. c3 cxd4 7. exd4 Nh5 8. Be3 Bd6 9. Ne5 g6 10. Nd3 Qc7 11. g3 O-O 12. Bg2 f5 13. Bh6 Rf7 14. f4 Nf6 15. Ne5 Re7 16. Bg5 Kg7 17. Bxf6+ Kxf6 18. g4 Kg7 19. g5 Bd7 20. h4 Rc8 21. h5 Nxe5 22. fxe5 Bxe5 23. dxe5 Qxe5+ 24. Qe2 Qf4 25. Bxd5 Qg3+ 26. Kd1 Ba4+ 27. Bb3 Bc6 28. Re1 Rd8 29. Kc2 Qxg5 30. Qe5+ Qf6 31. h6+ Kf7 32. Nc4 Be4+ 33. Rxe4 fxe4 34. Nd6+ Rxd6 35. Qxd6 e3 36. Bc4 Qf2+ 37. Kb3 e2 38. Qd2 b5 39. Bxe2 a5 40. Rf1 1-0


[Site "https://www.chess.com"]

[Event "Titled Tuesday Blitz June 20 Early 2023"]
[White "Petrosian, Karlen"]
[Black "Galchenko, Matvey"]
[WhiteFideId "4176146"]
[BlackFideId "24175480"]
[WhiteElo "2345"]
[BlackElo "2423"]
[Result "1-0"]
[Round "8"]
[TimeControl "180+2"]
[Date "2023.06.20"]
[WhiteClock "0:00:21"]
[BlackClock "0:00:01"]
[Board "27"]

1. e4 e6 2. Qe2 d5 3. exd5 Nf6 4. dxe6 Bxe6 5. Nf3 Bd6 6. Qb5+ Nbd7 7. d4 O-O 8. Bd3 Bd5 9. c4 Re8+ 10. Be3 a6 11. Qb3 Bxf3 12. gxf3 Nh5 13. Qc2 Qh4 14. Kd2 Bf4 15. Bxh7+ Kh8 16. Kd1 Bxe3 17. fxe3 Rxe3 18. Be4 Ng3 19. Qf2 Nf5 20. Qxh4+ Nxh4 21. Kd2 Rxf3 22. Bxf3 Nxf3+ 23. Ke3 Nh4 24. Nc3 c5 25. d5 Re8+ 26. Kf4 Ng6+ 27. Kg3 Re3+ 28. Kf2 Rh3 29. Rag1 Nde5 30. Rg3 Rh4 31. b3 Ng4+ 32. Ke2 Nf4+ 33. Kd2 Nf2 34. Rf1 Rxh2 35. Ke3 N4d3 36. Ne4 f5 37. Nxf2 f4+ 38. Kxd3 fxg3 39. Ne4 g2 40. Rg1 Rh3+ 41. Ke2 Rh4 42. Nf2 Rh2 43. Kf3 Rh5 44. Rxg2 1-0


[Site "https://www.chess.com"]

[Event "Titled Tuesday Blitz June 20 Early 2023"]
[White "Goryachkina, Aleksandra"]
[Black "Bharath Subramaniyam H"]
[WhiteFideId "4147103"]
[BlackFideId "46634827"]
[WhiteElo "2471"]
[BlackElo "2400"]
[Result "0-1"]
[Round "8"]
[TimeControl "180+2"]
[Date "2023.06.20"]
[WhiteClock "0:00:00"]
[BlackClock "0:00:12"]
[Board "28"]

1. e4 c6 2. d4 d5 3. e5 Bf5 4. Bd3 Bxd3 5. Qxd3 e6 6. Ne2 Nd7 7. O-O c5 8. c3 Ne7 9. Nd2 Nc6 10. Nf3 Be7 11. Be3 O-O 12. Ng3 Qb6 13. Qe2 Qa6 14. Qd2 cxd4 15. cxd4 Rac8 16. Bg5 Bxg5 17. Qxg5 Qd3 18. Rfd1 Qg6 19. Qd2 h6 20. h3 Rc7 21. Rac1 Rfc8 22. Rc3 Ne7 23. Rxc7 Rxc7 24. Qa5 b6 25. Qb4 Qc2 26. Rd2 Qc1+ 27. Kh2 Ng6 28. Ne2 Qc4 29. Qa3 f6 30. exf6 Nxf6 31. Rd3 Ne4 32. Ng3 Qc2 33. Nxe4 dxe4 34. Ne1 Qxf2 35. Rg3 Nf4 36. Qe3 Qf1 37. Qxe4 Rc1 38. Rf3 Rxe1 0-1


[Site "https://www.chess.com"]

[Event "Titled Tuesday Blitz June 20 Early 2023"]
[White "Donchenko, Alexander"]
[Black "Begmuratov, Alisher"]
[WhiteFideId "24603295"]
[BlackFideId "14203367"]
[WhiteElo "2554"]
[BlackElo "2387"]
[Result "1-0"]
[Round "8"]
[TimeControl "180+2"]
[Date "2023.06.20"]
[WhiteClock "0:01:00"]
[BlackClock "0:00:03"]
[Board "29"]

1. Nf3 Nf6 2. g3 g6 3. Bg2 Bg7 4. O-O c5 5. d4 cxd4 6. Nxd4 d5 7. c4 O-O 8. cxd5 Nxd5 9. Nb5 e6 10. N1c3 a6 11. Nxd5 axb5 12. Nc3 b4 13. Qxd8 Rxd8 14. Ne4 Nc6 15. Bg5 Rd4 16. e3 Rxe4 17. Bxe4 f6 18. Bh4 g5 19. Rfd1 gxh4 20. Rac1 Ne7 21. Rd8+ Kf7 22. Bxh7 f5 23. Rc7 Be5 24. Bg8+ Kf6 25. Rf8+ Kg7 26. Rf7+ Kxg8 27. Rcxe7 Rxa2 28. gxh4 Rxb2 29. h5 Bd6 30. Rg7+ Kh8 31. Rh7+ Kg8 32. Reg7+ Kf8 33. h6 Ke8 34. Rh8+ Bf8 35. Rgg8 Rb1+ 36. Kg2 b3 37. Rxf8+ Ke7 38. Re8+ Kf6 39. h7 b2 40. Rhf8+ Kg6 41. h8=Q Rg1+ 42. Kh3 1-0


[Site "https://www.chess.com"]

[Event "Titled Tuesday Blitz June 20 Early 2023"]
[White "Ilamparthi A R"]
[Black "Idani, Pouya"]
[WhiteFideId "45015775"]
[BlackFideId "12510130"]
[WhiteElo "2348"]
[BlackElo "2574"]
[Result "1-0"]
[Round "8"]
[TimeControl "180+2"]
[Date "2023.06.20"]
[WhiteClock "0:00:51"]
[BlackClock "0:00:54"]
[Board "30"]

1. e4 c5 2. Nf3 d6 3. g3 Nf6 4. d3 g6 5. Bg2 Bg7 6. O-O O-O 7. c3 Nc6 8. Re1 Rb8 9. a4 a6 10. h3 b5 11. axb5 axb5 12. d4 Nd7 13. Be3 cxd4 14. cxd4 Nb6 15. b3 Bb7 16. Qd2 Nd7 17. Bh6 e5 18. Bxg7 Kxg7 19. d5 Ne7 20. b4 h6 21. Nc3 f5 22. exf5 gxf5 23. Nh4 f4 24. Kh2 Qb6 25. gxf4 Rxf4 26. Qxf4 exf4 27. Rxe7+ Kf6 28. Rxd7 Qxf2 29. Ne4+ 1-0


[Site "https://www.chess.com"]

[Event "Titled Tuesday Blitz June 20 Early 2023"]
[White "Agibileg, Uurtsaikh"]
[Black "Gadimbayli, Abdulla"]
[WhiteFideId "4901606"]
[BlackFideId "13404938"]
[WhiteElo "2353"]
[BlackElo "2386"]
[Result "0-1"]
[Round "8"]
[TimeControl "180+2"]
[Date "2023.06.20"]
[WhiteClock "0:00:16"]
[BlackClock "0:00:17"]
[Board "31"]

1. d4 d5 2. c4 e5 3. dxe5 d4 4. e3 Bb4+ 5. Bd2 dxe3 6. fxe3 Qh4+ 7. g3 Qe4 8. Qf3 Bxd2+ 9. Nxd2 Qxe5 10. Bg2 Nf6 11. Ne2 Nc6 12. O-O O-O 13. Nc3 Be6 14. Qf4 Rad8 15. Bxc6 Qxf4 16. exf4 Rxd2 17. Bxb7 Rb8 18. Rfd1 Rxb2 19. Bd5 Ng4 20. Rab1 Ne3 21. Rxb2 Rxb2 22. Re1 Ng4 23. Rxe6 fxe6 24. Bxe6+ Kf8 25. Bxg4 Rc2 26. Nb5 Rxa2 27. Nxc7 a5 28. c5 a4 29. c6 a3 30. Be6 Rc2 31. Nb5 Rxc6 32. Nxa3 Rxe6 33. Kg2 Re2+ 34. Kh3 Kf7 35. Nc4 Ke6 36. Ne5 Kf5 37. Nf3 Rb2 38. Ng5 h6 39. Nf7 Rd2 40. Ne5 g5 41. Ng4 h5 42. Nh6+ Kg6 43. fxg5 Kxg5 44. Nf7+ Kf6 45. Nh6 Kg6 46. Ng8 Rd7 47. Kh4 Kg7 48. Kxh5 Kxg8 49. h4 Kg7 50. g4 Rd5+ 51. g5 Rd4 52. g6 Ra4 53. Kg5 Ra5+ 54. Kg4 Kxg6 55. h5+ Kh6 56. Kg3 Ra4 57. Kf2 Kxh5 58. Ke2 Kg4 59. Kd1 Ra3 60. Kc1 Rh3 61. Kb1 Kf4 62. Ka1 Rh2 63. Kb1 Ke4 64. Ka1 Kd3 65. Kb1 Kc3 66. Ka1 Kb3 67. Kb1 Rh1# 0-1


[Site "https://www.chess.com"]

[Event "Titled Tuesday Blitz June 20 Early 2023"]
[White "Beerdsen, Thomas"]
[Black "Souleidis, Georgios"]
[WhiteFideId "1030108"]
[BlackFideId "4206827"]
[WhiteElo "2553"]
[BlackElo "2401"]
[Result "1-0"]
[Round "8"]
[TimeControl "180+2"]
[Date "2023.06.20"]
[WhiteClock "0:01:03"]
[BlackClock "0:00:00"]
[Board "32"]

1. e4 c5 2. Nf3 e6 3. d4 cxd4 4. Bg5 Be7 5. Bxe7 Nxe7 6. Qxd4 O-O 7. Nc3 d5 8. O-O-O Nbc6 9. Qe3 Qa5 10. Kb1 Rd8 11. Be2 a6 12. Rd2 b5 13. exd5 exd5 14. Rhd1 Be6 15. a3 b4 16. axb4 Qxb4 17. Na2 Qa5 18. Nd4 Nxd4 19. Qxd4 Nc6 20. Qc3 Qb6 21. Bf3 Rac8 22. Bxd5 Bxd5 23. Rxd5 1-0


[Site "https://www.chess.com"]

[Event "Titled Tuesday Blitz June 20 Early 2023"]
[White "Fiorito, Joaquin"]
[Black "Quesada Perez, Yuniesky"]
[WhiteFideId "180173"]
[BlackFideId "3504409"]
[WhiteElo "2199"]
[BlackElo "2585"]
[Result "0-1"]
[Round "8"]
[TimeControl "180+2"]
[Date "2023.06.20"]
[WhiteClock "0:00:01"]
[BlackClock "0:01:08"]
[Board "33"]

1. d4 d5 2. c4 c6 3. Nc3 Nf6 4. e3 e6 5. Nf3 Nbd7 6. Bd3 dxc4 7. Bxc4 b5 8. Bd3 Bd6 9. O-O O-O 10. e4 e5 11. dxe5 Nxe5 12. Nxe5 Bxe5 13. h3 Re8 14. Qe2 g6 15. Bg5 Qb6 16. Kh1 Nh5 17. Rad1 Be6 18. g4 Nf4 19. Bxf4 Bxf4 20. Qc2 Rad8 21. Ne2 Qc7 22. Kg2 a6 23. b3 Bh6 24. f4 c5 25. e5 c4 26. Be4 Qc5 27. bxc4 Bxc4 28. Kf3 Qa3+ 29. Kg2 Qe3 30. Bf3 Bxf4 31. Nxf4 Bxf1+ 32. Rxf1 Rd2+ 0-1


[Site "https://www.chess.com"]

[Event "Titled Tuesday Blitz June 20 Early 2023"]
[White "Mikhailovsky, Vladimir"]
[Black "Kumsiashvili, Nikoloz"]
[WhiteFideId "34105414"]
[BlackFideId "13600621"]
[WhiteElo "2244"]
[BlackElo "2299"]
[Result "1/2-1/2"]
[Round "8"]
[TimeControl "180+2"]
[Date "2023.06.20"]
[WhiteClock "0:00:05"]
[BlackClock "0:00:07"]
[Board "34"]

1. e4 c5 2. c3 Nf6 3. e5 Nd5 4. Nf3 e6 5. Bc4 Nb6 6. Bb3 c4 7. Bc2 Nc6 8. O-O d6 9. exd6 Bxd6 10. d4 cxd3 11. Qxd3 Bc5 12. Qe2 O-O 13. Bxh7+ Kxh7 14. Ng5+ Kg6 15. Qg4 f5 16. Qg3 Bd6 17. f4 Kf6 18. Nd2 Rh8 19. c4 Bc5+ 20. Kh1 Bd4 21. Ndf3 Nxc4 22. Rd1 e5 23. fxe5+ N4xe5 24. Nxd4 Nxd4 25. Be3 Nec6 26. Nf3 Kf7 27. Bxd4 Nxd4 28. Rxd4 Qf6 29. Ne5+ Kg8 30. Rd8+ Qxd8 31. Qb3+ Kh7 32. Qh3+ Kg8 33. Qb3+ Kh7 34. Qh3+ Kg8 35. Qb3+ 1/2-1/2


[Site "https://www.chess.com"]